 Dungeon Crawl Stone Soup version 0.32-a0-450-g080537f31e (webtiles) character file.

Game seed: 8432828973545960978

293 CougarLife the Digger (level 6, -6/32 HPs)
             Began as a Gargoyle Earth Elementalist on Feb 24, 2024.
             Mangled by Edmund
             ... wielding a +4 heavy flail
              (15 damage)
             ... on level 5 of the Dungeon.
             The game lasted 00:02:35 (3891 turns).

CougarLife the Digger (Gargoyle Earth Elementalist) Turns: 3891, Time: 00:02:36

Health: -6/32      AC:  6    Str: 12    XL:     6   Next: 33%
Magic:  1/11       EV: 11    Int: 17    God:
Gold:   226        SH:  0    Dex: 10    Spells: 8/12 levels left

rFire   . . .        d - +0 dagger
rCold   + . .        (no shield)
rNeg    + . .        a - +0 robe
rPois   ∞            (no helmet)
rElec   +            (no cloak)
rCorr   .            (no gloves)
SInv    .            (no boots)
Will    .....        (no amulet)
Stlth   ++           s - ring of protection from cold
HPRegen 0.25/turn    (no ring)
MPRegen 0.12/turn

%: no passive effects
@: very slightly contaminated
A: sickness immunity, AC +4, negative energy resistance 1, electricity
resistance, torment resistance 1, petrification resistance
a: no special abilities


You were on level 5 of the Dungeon.
You visited 1 branch of the dungeon, and saw 5 of its levels.

You collected 226 gold pieces.

Inventory:

Hand Weapons
 d - a +0 dagger (weapon)
Armour
 a - a +0 robe (worn)
Jewellery
 s - a ring of protection from cold (left hand)
Wands
 u - a wand of roots (4)
Scrolls
 g - a scroll of vulnerability {unknown}
 i - a scroll of enchant weapon {unknown}
 j - 3 scrolls of identify {unknown}
 m - a scroll of teleportation {unknown}
 o - a scroll of noise {unknown}
 p - a scroll of immolation {unknown}
 q - a scroll of enchant armour {unknown}
 v - a scroll of fog {unknown}
Potions
 b - a potion of magic
 c - 2 potions of might {unknown}
 e - 2 potions of haste {unknown}
 f - 2 potions of enlightenment {unknown}
 h - a potion of heal wounds {unknown}
 k - a potion of lignification {unknown}
 l - 2 potions of curing {unknown}
 n - a potion of invisibility {unknown}
 r - a potion of attraction {unknown}
 t - a potion of resistance {unknown}


   Skills:
 - Level 1.5 Dodging
 - Level 2.1 Stealth
 + Level 3.8 Spellcasting
 + Level 3.8 Conjurations
 + Level 5.5 Earth Magic


You had 8 spell levels left.
You knew the following spells:

 Your Spells              Type           Power      Damage    Failure   Level
a - Sandblast             Erth           44%        2d11      1%          1
b - Stone Arrow           Conj/Erth      38%        3d9       7%          3

Your spell library contained the following spells:

 Spells                   Type           Power      Damage    Failure   Level
 Passwall                 Erth           22%        N/A       4%          3
 Brom's Barrelling Bould  Conj/Erth      19%        2d4       22%         4
 Call Imp                 Summ           6%         N/A       24%         2
 Petrify                  Alch/Erth      12%        N/A       45%         4
 Summon Hydra             Summ           1%         N/A       100%        7
 Sublimation of Blood     Necr           Unusable   N/A       N/A         2

Dungeon Overview and Level Annotations

Branches:
Dungeon (5/15)
 Temple: D:4-7

Altars:
Fedhas
Nemelex Xobeh
Sif Muna
The Shining One

Annotations:
D:5 Edmund


Innate Abilities, Weirdness & Mutations

You are immune to sickness and miasma.
Your stone body is resilient. (AC +4)
You are immune to poison.
You resist negative energy. (rN+)
You are resistant to electric shocks. (rElec)
You are resistant to unholy torment.
You are immune to petrification.


Message History

You miscast Stone Arrow.
You are very lightly contaminated with residual magic.
Nothing appears to happen.
Edmund shouts!
Casting: Stone Arrow (quite dangerous; 7% risk of failure)
Confirm with . or Enter, or press ? or * to list all spells.
Aiming: Stone Arrow (quite dangerous; 7% risk of failure)
Press: ? - help, Shift-Dir - straight line, f/p - Edmund
Aim: Edmund, wielding a +4 heavy flail and wearing a +0 ring mail (72% to hit)
The stone arrow hits Edmund!
Edmund is moderately wounded.
Edmund hits you with a +4 heavy flail!
Casting: Stone Arrow (quite dangerous; 7% risk of failure)
Confirm with . or Enter, or press ? or * to list all spells.
Aiming: Stone Arrow (quite dangerous; 7% risk of failure)
Press: ? - help, Shift-Dir - straight line, f/p - Edmund
Aim: Edmund, wielding a +4 heavy flail and wearing a +0 ring mail (moderately wounded, 72% to hit)
The stone arrow hits Edmund!
Edmund is severely wounded.
Edmund hits you with a +4 heavy flail!
Ouch! That really hurt!
* * * LOW HITPOINT WARNING * * *
Casting: Stone Arrow (quite dangerous; 7% risk of failure)
Confirm with . or Enter, or press ? or * to list all spells.
You don't have enough magic to cast this spell.
Unknown command.
Casting: Stone Arrow (quite dangerous; 7% risk of failure)
Confirm with . or Enter, or press ? or * to list all spells.
You don't have enough magic to cast this spell.
Unknown command.
Casting: Stone Arrow (quite dangerous; 7% risk of failure)
Confirm with . or Enter, or press ? or * to list all spells.
Aiming: Sandblast (safe; 1% risk of failure)
Press: ? - help, Shift-Dir - straight line, f/p - Edmund
Aim: Edmund, wielding a +4 heavy flail and wearing a +0 ring mail (severely wounded, 85% to hit)
The blast of sand hits Edmund but does no damage.
Edmund is severely wounded.
Edmund hits you with a +4 heavy flail!
You die...
Edmund says, "That'll show my brother!"

# ..## .....
......#######
......@@....# ###
......#.....# #.###
..... #....######...#
..#+###....##...#...#
. #..............#..#
..............#..#
+..##....##...#####
#..
#..<.##...######## ##
#.................


You could see Edmund.

Vanquished Creatures
  A bombardier beetle (D:4)
  An orc priest (D:5)
  A jelly (D:5)
  An iguana (D:4)
  9 adders
  2 ribbon worms
  3 dart slugs
  3 orcs
  13 ball pythons
  5 endoplasms
  3 giant cockroaches (D:1)
  8 goblins
  9 hobgoblins
  2 jackals (D:1)
  4 quokkas
  5 bats
  3 frilled lizards
  7 kobolds
  6 rats
86 creatures vanquished.

Notes
Turn   | Place    | Note
-------+----------+-------------------------------------------
     0 | D:1      | CougarLife the Gargoyle Earth Elementalist began the quest
                  | for the Orb.
     0 | D:1      | Reached XP level 1. HP: 10/10 MP: 3/3
   215 | D:1      | Reached XP level 2. HP: 10/15 MP: 1/5
   370 | D:1      | Reached skill level 4 in Earth Magic
   515 | D:1      | Reached XP level 3. HP: 19/19 MP: 2/6
  1441 | D:2      | Reached XP level 4. HP: 24/24 MP: 5/8
  1570 | D:2      | Found a faded altar of an unknown god.
  1934 | D:2      | Reached XP level 5. HP: 28/28 MP: 7/9
  2032 | D:2      | Learned a level 3 spell: Stone Arrow
  2407 | D:3      | Identified the beast talisman "Piugilih" {rCorr Int+4}
  2642 | D:3      | Found a shimmering blue altar of Sif Muna.
  2642 | D:3      | Found a glowing golden altar of the Shining One.
  2646 | D:3      | Reached skill level 5 in Earth Magic
  3370 | D:4      | Found a blossoming altar of Fedhas.
  3608 | D:4      | Found a sparkling altar of Nemelex Xobeh.
  3658 | D:5      | Entered Level 5 of the Dungeon
  3703 | D:5      | Reached XP level 6. HP: 21/32 MP: 7/11
  3887 | D:5      | Noticed Edmund
  3891 | D:5      | Mangled by Edmund

Illustrated notes

Levels and vault maps discovered:
D:1:      dpeg_arrival_tiny_a, layout_loops_ring
D:2:      layout_loops_ring, ebering_ecumenical_altar_sacrificial,
          minmay_snake_closets
D:3:      layout_loops_ring, gammafunk_temple_overflow_wave
D:4:      layout_basic, fedhas_altar_4, nemelex_diamond_rough_becter,
          minmay_statues_item
D:5:      layout_gridville, minmay_temple_entry_statues_fountains, uniq_edmund,
          uniq_pikel, uniq_sigmund

Skill      XL: |  1  2  3  4  5 |
---------------+----------------+-----
Earth Magic    | 4 5 |  5.5
Conjurations   | 2 3 |  3.8
Spellcasting   | 3 |  3.8
Dodging        | |  1.5
Stealth        | |  2.1

Action                     |  1- 3 |  4- 6 || total
---------------------------+-------+-------++-------
  Melee: Unarmed           |     9 |       ||     9
         Dagger            |    28 |     7 ||    35
   Cast: Sandblast         |    53 |    68 ||   121
         Stone Arrow       |       |     4 ||     4
 Armour: Robe              |    39 |    19 ||    58
  Dodge: Dodged            |    44 |    16 ||    60

Table legend: (Time is in decaauts)
 A = Elapsed time spent in this place.
 B = Non-inter-level travel time spent in this place.
 C = Inter-level travel time spent in this place.
 D = Time resting spent in this place.
 E = Time spent auto-exploring this place.
 F = Levels seen in this place.
 G = Mean time per level.
                   A        B        C        D        E       F      G
               +--------+--------+--------+--------+--------+-----+--------+
         Total |   3950 |   3852 |     98 |    155 |   3211 |   5 |  790.0 |
       Dungeon |   3950 |   3852 |     98 |    155 |   3211 |   5 |  790.0 |
               +--------+--------+--------+--------+--------+-----+--------+

Top non-repeatable levels by time:
     D:1: 1067 daAuts
     D:2: 1027 daAuts
     D:4: 934 daAuts
     D:3: 685 daAuts
     D:5: 235 daAuts
